 Dungeon Crawl Stone Soup version 0.31.0-11-ge490571c62 (webtiles) character file.

Game seed: 17801372618998467795

16541 Pooter the Spear-Bearer (level 12, 0/108 HPs)
             Began as a Minotaur Berserker on Feb 4, 2024.
             Was a Priest of Trog.
             Shot with an arrow by Nessos (4 damage)
             ... on level 2 of the Orcish Mines.
             The game lasted 01:15:11 (15317 turns).

Pooter the Spear-Bearer (Minotaur Berserker)       Turns: 15317, Time: 01:15:12

Health: 0/108      AC: 14    Str: 28    XL:     12   Next: 11%
Magic:  11/11      EV:  5    Int:  4    God:    Trog [***...]
Gold:   751        SH: 12    Dex: 12    Spells: 11/11 levels left

rFire   . . .        a - +1 hand axe (elec)
rCold   + . .        i - +2 tower shield {rC+}
rNeg    . . .        K - +1 plate armour
rPois   .            (helmet restricted)
rElec   +            U - +0 cloak
rCorr   .            (no gloves)
SInv    .            l - +0 pair of boots of the Transparent God {rElec Str+3}
Will    +....        S - amulet of the acrobat Stlth
                     p - ring of willpower
HPRegen 0.38/turn    G - +4 ring of slaying
MPRegen 0.12/turn

%: acrobat
@: lethally poisoned (0 -> -21), on berserk cooldown, slowed, very slow
A: horns 2, retaliatory headbutt
a: Renounce Religion, Berserk, Trog's Hand


You were on level 2 of the Orcish Mines.
You worshipped Trog.
Trog was most pleased with you.
You visited 3 branches of the dungeon, and saw 14 of its levels.
You also visited: Bailey and Ice Cave.

You collected 1119 gold pieces.
You spent 368 gold pieces at shops.

Inventory:

Hand Weapons
 a - a +1 hand axe of electrocution (weapon)
   (You took it off an orc priest on level 4 of the Dungeon)
 b - a +3 sling of flaming
   (You bought it in a shop on level 7 of the Dungeon)
 o - a +4 quarterstaff of chaos
   (You took it off Crazy Yiuf on level 5 of the Dungeon)
 v - a +7 antimagic dagger
   (You took it off a goblin on level 4 of the Dungeon)
 z - a +2 trident of venom
   (You took it off a gnoll sergeant on level 5 of the Dungeon)
 A - a +0 war axe
   (You found it on level 5 of the Dungeon)
 B - a +0 orcbow
   (You took it off a centaur on level 9 of the Dungeon)
 E - a +2 scythe
   (You took it off Sigmund on level 2 of the Dungeon)
 F - a +0 broad axe
   (You took it off Maggie on level 6 of the Dungeon)
 L - a +0 dire flail
   (You took it off a two-headed ogre on level 9 of the Dungeon)
 V - a +2 heavy arbalest
   (You took it off a kobold blastminer on level 1 of the Orcish Mines)
Missiles
 r - 3 javelins
 s - a curare-tipped dart
 y - 16 poisoned darts (quivered)
 M - 6 boomerangs
 Q - 83 stones
Armour
 i - a +2 tower shield of cold resistance (worn)
   (You found it in an ice cave)
 l - the +0 pair of boots of the Transparent God (worn) {rElec Str+3}
   (You found it on level 8 of the Dungeon)

   Str+3:     It affects your strength (+3).
   rElec:     It insulates you from electricity.
 K - a +1 plate armour (worn)
   (You found it on level 7 of the Dungeon)
 T - +0 ice dragon scales
   (You found it in an ice cave)
 U - a +0 cloak (worn)
   (You took it off Crazy Yiuf on level 5 of the Dungeon)
Jewellery
 d - a ring of ice
   (You found it on level 7 of the Dungeon)
 p - a ring of willpower (left hand)
   (You found it on level 1 of the Dungeon)
 C - a ring of resist corrosion
   (You found it on level 11 of the Dungeon)
 G - a +4 ring of slaying (right hand)
   (You took it off Erica on level 1 of the Orcish Mines)
 H - a +6 ring of intelligence
   (You found it on level 6 of the Dungeon)
 N - a ring of positive energy
   (You took it off Maggie on level 6 of the Dungeon)
 S - an amulet of the acrobat (around neck)
   (You found it in an ice cave)
Wands
 f - a wand of flame (58)
   (You took it off Crazy Yiuf on level 5 of the Dungeon)
 q - a wand of charming (2)
   (You took it off Ijyb on level 3 of the Dungeon)
 I - a wand of mindburst (32)
   (You found it on level 6 of the Dungeon)
Scrolls
 t - 4 scrolls of teleportation {@r4}
 u - 2 scrolls of butterflies
 w - 2 scrolls of vulnerability {!r}
 J - a scroll of fear
 O - a scroll of poison {!r}
 R - a scroll of noise {!r}
Potions
 c - 3 potions of degeneration {unknown}
 e - a potion of might {unknown}
 g - 2 potions of enlightenment
 h - 2 potions of lignification {unknown}
 j - 3 potions of haste {@q3}
 k - 5 potions of heal wounds {unknown}
 m - 3 potions of mutation {unknown}
 n - 2 potions of berserk rage {unknown}
 x - 3 potions of ambrosia
 D - 7 potions of curing {@q1}
 P - a potion of cancellation {unknown}


   Skills:
 + Level 10.9 Fighting
 + Level 9.4(12.7) Axes
 * Level 13.6(14.7) Polearms
 + Level 8.7 Ranged Weapons
 - Level 2.4 Armour
 - Level 2.1 Dodging
 - Level 3.1 Stealth
 + Level 7.3 Evocations


You had 11 spell levels left.
You didn't know any spells.
Your spell library was empty.

Dungeon Overview and Level Annotations

Branches:
Dungeon (11/15) Zot: 25660  Temple (0/1) D:5            Lair (1/5) D:10 Zot: 5994
    Orc (2/2) D:11 Zot: 11369  Bailey (visited)           IceCv (visited)
    Elf: Orc:2

Altars:
Elyvilon
Gozag
Ru
Sif Muna
Uskayaw
Xom
The Shining One

Shops:
D:7 [*(*   Orc:1 [

Portals:
Trove: D:11 (give +4 ice dragon scales)

Annotations:
Orc:2 Nessos


Innate Abilities, Weirdness & Mutations

You have a pair of horns on your head.
You reflexively headbutt those who attack you in melee.


Message History

Nessos shoots an arrow.
The arrow hits you. The arrow burns you.
You are poisoned.
You feel a strong urge to attack something.
You feel sick.
Nessos shoots an arrow.
You block the arrow.
You feel sick.
Nessos shoots an arrow.
The arrow barely misses you.
Nessos shoots an arrow.
The arrow closely misses you.
You feel your anger nearly subside.
You feel sick.
Nessos shoots an arrow.
The arrow hits you. The arrow burns you.
You are no longer berserk.
You are exhausted.
You feel yourself slow down.
You feel sick.
Nessos unwields a +3 longbow of flaming.
It stops flaming.
Nessos hits you but does no damage. You block Nessos's attack.
You hit Nessos. Your headbutt misses Nessos.
You feel sick.
Nessos is no longer moving quickly.
Nessos casts a spell.
Nessos seems to speed up.
You block Nessos's attack. x2
Nessos hits you but does no damage. Nessos kicks you but does no damage.
You slash Nessos!
You feel sick.
Nessos gestures wildly while chanting.
Nessos blinks!
Nessos stands on their hind legs for a moment.
Nessos wields a +3 longbow of flaming.
It bursts into flame!
Nessos shoots an arrow.
The arrow hits you but does no damage.
Nessos shoots an arrow.
The arrow hits you! The arrow burns you.
You are more poisoned.
You feel extremely sick.
You feel very sick.
Nessos mumbles some strange words.
Nessos blinks!
You feel very sick. Nessos says, "I'll learn you. I'll learn you yet!"
Nessos shoots an arrow.
The arrow barely misses you.
Nessos shoots an arrow.
You block the arrow.
Nessos shoots an arrow.
The arrow hits you. The arrow burns you.
You are more poisoned.
Nessos shoots an arrow.
The arrow hits you!!
* * * LOW HITPOINT WARNING * * *
The arrow burns you.
You are lethally poisoned!
* * * LOW HITPOINT WARNING * * *
There is a stone staircase leading up, spattered with blood here.
* * * LOW HITPOINT WARNING * * *
You feel extremely sick.
Nessos shoots an arrow.
The arrow hits you!
* * * LOW HITPOINT WARNING * * *
The arrow burns you.
You die...

. #......#.......$
..##.....#$........
##... .)..#........
#.....##.##........
#........#...#....
#.....#.#.......#
##.#.###........# #
###.##.[.##..#
##.@...c..#....
#....#...#....#
##.#.#....#..##
##......#...#
##.#.##...## #####
#.## ##


You could see Nessos (fast).

Vanquished Creatures
  An ice dragon (IceCv)
  Erica (Orc:1)
  4 two-headed ogres
  An ugly thing (D:11)
  A cyclops (D:10)
  An orc sorcerer (Orc:1)
  A manticore (D:11)
  Joseph (D:7)
  A kobold blastminer (Orc:1)
  2 ice statues (IceCv)
  A gargoyle (D:10)
  Maggie (D:6)
  A komodo dragon (D:10)
  A kobold demonologist (D:11)
  4 rime drakes (IceCv)
  An unseen horror (D:11)
  4 trolls
  Grinder (D:3)
  Sigmund (D:2)
  A yak (D:9)
  2 vampires
  2 wyverns (D:10)
  Grum (D:8)
  An acid dragon (D:8)
  2 water moccasins (D:5)
  Duvessa (D:6)
  8 orc warriors
  A black bear (D:5)
  2 ice beasts
  5 wolves
  4 ogres
  6 centaurs
  3 phantoms
  3 kobold brigands
  Blork the orc (D:6)
  A gnoll sergeant (D:5)
  A bullfrog (D:5)
  A scorpion (D:6)
  10 killer bees
  3 howler monkeys
  3 bombardier beetles
  An electric eel (D:10)
  10 hounds
  8 komodo dragon simulacra (IceCv)
  10 orc priests
  3 jellies
  A sleepcap (D:7)
  5 iguanas
  Crazy Yiuf (D:5)
  Ijyb (D:3)
  Terence (D:2)
  8 orc wizards
  5 gnolls
  6 adders
  8 acid dragon simulacra (IceCv)
  2 shadow imps
  2 ufetubi (D:6)
  4 steam dragon simulacra (IceCv)
  3 ribbon worms
  2 dart slugs
  32 orcs
  3 bats
  5 endoplasms
  2 giant cockroaches
  8 goblins
  5 hobgoblins
  22 kobolds
  6 quokkas
  9 ball pythons
  3 frilled lizards
  3 rats
270 creatures vanquished.

Vanquished Creatures (collateral kills)
  An ogre (Orc:2)
  Dowan (D:6)
  A steam dragon simulacrum (IceCv)
3 creatures vanquished.

Vanquished Creatures (others)
  5 gnolls (D:5)
  A kobold (D:11)
6 creatures vanquished.

Grand Total: 279 creatures vanquished

Notes
Turn   | Place    | Note
-------+----------+-------------------------------------------
     0 | D:1      | Pooter the Minotaur Berserker began the quest for the Orb.
     0 | D:1      | Reached XP level 1. HP: 19/19 MP: 0/0
   164 | D:1      | Reached XP level 2. HP: 22/27 MP: 1/1
   270 | D:1      | Reached skill level 1 in Stealth
   687 | D:2      | Reached XP level 3. HP: 27/33 MP: 2/2
   808 | D:2      | Reached ** piety under Trog
   835 | D:2      | Noticed Sigmund
   881 | D:2      | Killed Sigmund
   882 | D:2      | Reached skill level 5 in Axes
   882 | D:2      | Reached XP level 4. HP: 7/41 MP: 3/3
   882 | D:2      | Reached XP level 5. HP: 8/47 MP: 4/4
  1164 | D:2      | Noticed Terence
  1175 | D:2      | Killed Terence
  1314 | D:3      | Noticed Ijyb
  1319 | D:3      | Killed Ijyb
  1320 | D:3      | Reached XP level 6. HP: 55/55 MP: 5/5
  1465 | D:3      | Reached skill level 1 in Polearms
  1542 | D:3      | Noticed Grinder
  1554 | D:3      | Killed Grinder
  1555 | D:3      | Reached skill level 5 in Fighting
  1555 | D:3      | Reached skill level 2 in Polearms
  1555 | D:3      | Reached skill level 1 in Ranged Weapons
  1555 | D:3      | Reached skill level 1 in Evocations
  1841 | D:3      | Reached skill level 3 in Polearms
  1841 | D:3      | Reached XP level 7. HP: 61/61 MP: 6/6
  2624 | D:4      | Reached skill level 4 in Polearms
  2793 | D:4      | You fall into a shaft and drop 3 floors!
  2799 | D:7      | Found a flagged portal.
  2809 | Bailey   | Entered a bailey
  3437 | D:7      | Found Yfius's Armour Shop.
  3439 | D:7      | Found Fikk's Antique Weapon Shop.
  3441 | D:7      | Found Cankokuh's General Store.
  3447 | D:7      | Bought a runed sling for 108 gold pieces
  3512 | D:7      | Found Xomma's Assorted Antiques.
  3516 | D:7      | Bought a scroll labelled PONAOD RIBI for 31 gold pieces
  3516 | D:7      | Bought a scroll labelled PONAOD RIBI for 31 gold pieces
  3516 | D:7      | Bought a scroll labelled WICISY WOEMUXKYETE for 31 gold
                  | pieces
  3830 | D:6      | Reached skill level 5 in Polearms
  4170 | D:7      | Bought a metallic blue potion for 27 gold pieces
  4253 | D:5      | Entered Level 5 of the Dungeon
  4744 | D:4      | Reached XP level 8. HP: 64/70 MP: 7/7
  5269 | D:5      | Reached skill level 6 in Polearms
  5740 | D:5      | Found a staircase to the Ecumenical Temple.
  5845 | D:5      | Found a runed translucent door.
  5846 | D:5      | Noticed Crazy Yiuf
  6316 | D:5      | Killed Crazy Yiuf
  6394 | D:6      | Noticed Blork the orc
  6403 | D:5      | Reached skill level 7 in Polearms
  6500 | D:6      | Killed Blork the orc
  6501 | D:6      | Reached XP level 9. HP: 79/79 MP: 8/8
  6574 | D:6      | Noticed Maggie
  6588 | D:6      | Killed Maggie
  6589 | D:6      | Reached skill level 8 in Polearms
  6589 | D:6      | Reached skill level 5 in Ranged Weapons
  6707 | D:6      | Noticed Dowan
  6708 | D:6      | Noticed Duvessa
  6727 | D:6      | Killed Dowan
  6729 | D:6      | Killed Duvessa
  6856 | D:7      | Bought 2 scrolls labelled JIDI QIHINASAGGY for 62 gold
                  | pieces
  6946 | D:7      | Bought a purple potion for 27 gold pieces
  6991 | D:6      | Found an opulent altar of Gozag.
  7010 | D:6      | Found a shimmering altar of Xom.
  7140 | D:6      | Found a shimmering blue altar of Sif Muna.
  7297 | D:7      | Noticed Joseph
  7314 | D:7      | Killed Joseph
  7514 | D:7      | Bought a scroll of identify for 24 gold pieces
  7622 | D:7      | Reached skill level 9 in Polearms
  7922 | D:7      | Bought a sedimented green potion for 27 gold pieces
  8461 | D:8      | Found a hide-covered altar of Uskayaw.
  8472 | D:8      | Found a glowing golden altar of the Shining One.
  8573 | D:8      | Found a white marble altar of Elyvilon.
  8576 | D:8      | Noticed Grum
  8584 | D:8      | Killed Grum
  8585 | D:8      | Reached skill level 5 in Evocations
  9225 | D:8      | Identified the +0 pair of boots of the Transparent God
                  | {rElec Str+3}
  9278 | D:8      | Reached XP level 10. HP: 85/90 MP: 9/9
  9800 | D:9      | Reached skill level 10 in Polearms
  9829 | D:9      | Noticed a two-headed ogre
  9833 | D:9      | Killed a two-headed ogre
  9839 | D:9      | Noticed a two-headed ogre
  9850 | D:10     | Entered Level 10 of the Dungeon
  9861 | D:10     | Killed a two-headed ogre
 10040 | D:9      | Noticed a two-headed ogre
 10064 | D:9      | Killed a two-headed ogre
 10065 | D:9      | Reached skill level 11 in Polearms
 10639 | D:10     | Noticed a cyclops
 10658 | D:10     | Killed a cyclops
 10897 | D:10     | Found a staircase to the Lair.
 10920 | D:10     | Found a sacrificial altar of Ru.
 10920 | D:10     | Noticed a two-headed ogre
 10928 | D:10     | Killed a two-headed ogre
 10929 | D:10     | Reached XP level 11. HP: 72/99 MP: 10/10
 11673 | Lair:1   | Entered Level 1 of the Lair of Beasts
 11673 | Lair:1   | Noticed a death yak
 11673 | Lair:1   | Noticed a death yak
 11674 | Lair:1   | Noticed a death yak
 11674 | Lair:1   | Noticed a death yak
 12018 | D:11     | Found a frozen archway.
 12047 | D:11     | Reached skill level 12 in Polearms
 12138 | IceCv    | Entered an ice cave
 12564 | IceCv    | Reached skill level 10 in Fighting
 13041 | IceCv    | Identified the +2 rapier of the Holding Moth {flame, MP+9
                  | Int+3 Dex+3}
 13077 | IceCv    | Noticed an ice dragon
 13094 | IceCv    | Killed an ice dragon
 13833 | D:11     | Reached *** piety under Trog
 13899 | D:11     | Noticed a red ugly thing
 13908 | D:11     | Killed a red ugly thing
 14139 | D:11     | Found a portal to a secret trove of treasure.
 14194 | D:11     | Reached skill level 13 in Polearms
 14278 | D:11     | Found a staircase to the Orcish Mines.
 14405 | Orc:1    | Entered Level 1 of the Orcish Mines
 14405 | Orc:1    | Noticed Erica
 14734 | Orc:1    | Killed Erica
 14801 | Orc:1    | Noticed an orc sorcerer
 14817 | Orc:1    | Killed an orc sorcerer
 14818 | Orc:1    | Reached XP level 12. HP: 108/108 MP: 11/11
 15174 | Orc:1    | Found Heukhydd's Armour Boutique.
 15256 | Orc:2    | Entered Level 2 of the Orcish Mines
 15275 | Orc:2    | Noticed Nessos
 15317 | Orc:2    | HP: 4/108 [Nessos/arrow (8)]
 15317 | Orc:2    | Shot with an arrow by Nessos

Illustrated notes

Levels and vault maps discovered:
D:1:      saegor_arrival_under_anarchy, layout_rooms
D:2:      layout_rooms, kennysheep_nub, uniq_terence, uniq_sigmund
D:3:      layout_basic, cheibrodos_gnoll_hut, uniq_grinder, uniq_ijyb
D:4:      layout_rooms, minmay_misc_feat_secret_circle
D:5:      layout_basic, lemuel_temple_firewalk_b, uniq_crazy_yiuf_cottage
D:6:      layout_cave_pools, led_sif_book, nicolae_overflow_hidden_temple,
          uniq_maggie, uniq_blork_the_orc, uniq_duvessa
D:7:      layout_cave_pools, serial_shops, nicolae_shop_pleasant_corner_grove,
          enter_bailey_2, minmay_statues_item, minmay_misc_feat_more_columns,
          nicolae_shop_distant_corner_stores, hellmonk_no_cap, uniq_joseph
D:8:      layout_basic, mainiacjoe_overflow_boulevard,
          amethyst_overflow_temple_binary, uniq_grum
D:9:      layout_cave_pools, mrwooster_statue_mirror, kennysheep_generic_room_12
D:10:     layout_loops_ring, mainiacjoe_overflow_tiny_flanked, erik_lair_island,
          hex_large, nicolae_elevator_lobby_asterisk
D:11:     layout_basic, david_orc_2, nicolae_trove_entry_crossroad,
          portal_ice_cave_entry_pillars_1
Lair:1:   layout_cave_pods, beast_lair_carwin_6, lemuel_fruit_fields
Orc:1:    layout_caves, serial_shops, nicolae_shop_back_alley_shop, uniq_erica
Orc:2:    st_orc_congregation, layout_caves, basic_altar, uniq_nessos

Skill      XL: |  1  2  3  4  5  6  7  8  9 10 11 |
---------------+----------------------------------+-----
Axes           | 4 5 6 7 9 |  9.4
Stealth        | 1 3 |  3.1
Fighting       | 4 5 6 7 8 9 10 | 10.9
Polearms       | 3 5 7 9 11 13 | 13.6
Ranged Weapons | 1 3 4 6 7 8 |  8.7
Evocations     | 1 2 3 5 6 7 |  7.3
Armour         | |  2.4
Dodging        | |  2.1

Action                     |  1- 3 |  4- 6 |  7- 9 | 10-12 || total
---------------------------+-------+-------+-------+-------++-------
  Melee: Hand axe          |    68 |       |    13 |   116 ||   197
         Headbutt          |     9 |     3 |    24 |    57 ||    93
         Punch             |     1 |       |       |       ||     1
         Halberd           |       |    39 |   180 |   118 ||   337
         Dagger            |       |       |     7 |       ||     7
         War axe           |       |       |     7 |       ||     7
         Quarterstaff      |       |       |       |    41 ||    41
   Fire: Sling             |       |     7 |    85 |    86 ||   178
  Throw: Stone             |     4 |       |       |       ||     4
         Dart              |       |       |       |     2 ||     2
 Invoke: Berserk           |     2 |     4 |    13 |    20 ||    39
         Trog's Hand       |     1 |       |     5 |    15 ||    21
  Evoke: Wand              |       |       |     7 |    22 ||    29
    Use: Scroll            |     1 |     1 |    12 |     2 ||    16
         Potion            |       |       |       |     3 ||     3
   Stab: Sleeping          |     1 |       |       |       ||     1
 Armour: Animal skin       |    18 |       |       |       ||    18
         Leather armour    |     6 |       |       |       ||     6
         Chain mail        |    20 |    36 |   134 |       ||   190
         Plate armour      |       |       |    71 |   279 ||   350
         Ice dragon scales |       |       |       |    10 ||    10
  Dodge: Dodged            |    27 |    14 |   112 |   111 ||   264
  Block: Tower shield      |       |       |       |   105 ||   105
